 Dungeon Crawl Stone Soup version 0.20.1-1-g8b1a95d (webtiles) character file.

1755 Minstaer the Magician (level 8, -3/36 HPs)
             Began as a Deep Elf Venom Mage on Nov 4, 2017.
             Was a Priest of Ru.
             Slain by an ogre
             ... wielding a +0 giant club
              (21 damage)
             ... on level 8 of the Dungeon.
             The game lasted 01:08:39 (10034 turns).

Minstaer the Magician (Deep Elf Venom Mage)        Turns: 10034, Time: 01:08:39

Health: -3/36      AC:  8    Str:  5    XL:     8   Next: 78%
Magic:  14/20      EV: 18    Int: 23    God:    Ru [***...]
Gold:   371        SH:  0    Dex: 15    Spells: 7/21 levels left

rFire    . . .     SeeInvis .   h - +4 quarterstaff (chaos)
rCold    . . .     Gourm    .   (shield currently unavailable)
rNeg     . . .     Faith    .   a - +0 robe
rPois    +         Spirit   .   I - +1 hat
rElec    .         Reflect  .   i - +2 cloak {+Inv}
rCorr    .         Harm     .   C - +0 pair of gloves (curse)
MR       .....     Clarity  +   M - +0 pair of boots
Stlth    ++........             (no amulet)
Regen    0.6/turn               l - ring of poison resistance
MPRegen  0.2/turn               k - +3 ring of evasion

@: very slightly contaminated
A: clarity, frail 1, regeneration 1, hated by all, inability to train armour
a: Draw Out Power, Renounce Religion, Evoke Invisibility


You were on level 8 of the Dungeon.
You worshipped Ru.
Ru was most pleased with you.
You were hungry.

You visited 2 branches of the dungeon, and saw 9 of its levels.

You collected 371 gold pieces.

Inventory:

Hand Weapons
 d - a -3 short sword
 e - a +0 dagger
 h - a +4 quarterstaff of chaos (weapon)
 o - the +0 dagger of the Original Sin {flame, Int+7}
   (You found it on level 4 of the Dungeon)

   It has been specially enchanted to burn those struck by it, causing extra
   injury to most foes and up to half again as much damage against particularly
   susceptible opponents.
   It affects your intelligence (+7).
 x - a +3 hand axe
 B - a +0 shortbow
Missiles
 m - 11 poisoned needles
 v - 76 arrows
 w - a javelin (quivered)
Armour
 a - a +0 robe (worn)
 i - a +2 cloak of invisibility (worn)
 C - a cursed +0 pair of gloves (worn)
 I - a +1 hat (worn)
 M - a +0 pair of boots (worn)
Jewellery
 k - a +3 ring of evasion (right hand)
 l - a ring of poison resistance (left hand)
Wands
 n - a wand of flame (14/48)
 A - a wand of paralysis (15/24)
 K - a wand of random effects (27/48)
Scrolls
 f - 2 scrolls of enchant armour
 g - 2 scrolls of immolation
 j - 3 scrolls of fear
 q - 10 scrolls of remove curse
 P - a scroll of teleportation {unknown}
 Q - a scroll of noise
Potions
 p - 2 potions of brilliance
 r - 4 potions of heal wounds {unknown}
 s - a potion of flight {unknown}
 D - 3 potions of agility {unknown}
 F - 2 potions of berserk rage
 G - a potion of haste {unknown}
 H - 3 potions of curing
 N - a potion of lignification {unknown}
 O - a potion of mutation
Books
 b - a Young Poisoner's Handbook

   Spells                             Type                      Level
   a - Sting                          Conjuration/Poison           1
   b - Poisonous Vapours              Poison/Air                   2
   c - Mephitic Cloud                 Conjuration/Poison/Air       3
   d - Olgreb's Toxic Radiance        Poison                       4
   e - Venom Bolt                     Conjuration/Poison           5
 t - a book of Misfortune

   Spells                             Type                      Level
   a - Confusing Touch                Hexes                        1
   b - Confuse                        Hexes                        3
   c - Gell's Gravitas                Translocation                3
   d - Petrify                        Transmutation/Earth          4
   e - Metabolic Englaciation         Hexes/Ice                    5
   f - Yara's Violent Unravelling     Hexes/Transmutation          5
 u - a book of Cantrips

   Spells                             Type                      Level
   a - Confusing Touch                Hexes                        1
   b - Animate Skeleton               Necromancy                   1
   c - Summon Small Mammal            Summoning                    1
   d - Apportation                    Translocation                1
Comestibles
 c - 4 bread rations
 E - 3 fruits
 L - 3 meat rations


   Skills:
 - Level 0.8 Short Blades
 - Level 5.0 Staves
 - Level 5.8 Dodging
 - Level 2.4 Stealth
 + Level 7.1 Spellcasting
 + Level 6.3 Conjurations
 + Level 0.3 Hexes
 + Level 6.0 Poison Magic


You had 7 spell levels left.
You knew the following spells:

 Your Spells              Type           Power        Failure   Level  Hunger
a - Sting                 Conj/Pois      ####         1%          1    None
b - Poisonous Vapours     Pois/Air       ###...       3%          2    None
c - Mephitic Cloud        Conj/Pois/Air  ####....     4%          3    None
e - Venom Bolt            Conj/Pois      #####.....   17%         5    #####..
f - Confuse               Hex            #.......     21%         3    None


Dungeon Overview and Level Annotations

Branches:
Dungeon (8/15)             Temple (1/1) D:5            Lair (0/6) D:8

Altars:
Cheibriados
Dithmenos
Elyvilon
Fedhas
Gozag
Hepliaklqana
Kikubaaqudgha
Makhleb
Nemelex Xobeh
Okawaru
Qazlal
Ru
Sif Muna
Trog
Uskayaw
Vehumet
Xom
Yredelemnul
Zin
The Shining One
Lugonu

Shops:
D:5 !

Annotations:
D:4 arttle's ghost, novice GrFE


Innate Abilities, Weirdness & Mutations

You are hated by all.
You cannot train Armour skill.
You possess an exceptional clarity of mind.
You are frail. (-10% HP)
Your natural rate of healing is unusually fast.


Message History

Press: ? - help, Shift-Dir - straight line, f/p - hell hound
Aim: a hell hound (chance to defeat MR: 39%)
The hell hound appears confused.
The jelly misses you.
There are monsters nearby!
You hit the jelly.
Your hands burn!
The jelly is almost dead.
You focus your will and illuminate the jelly in retribution!
You redirect the jelly's attack!
The jelly hits itself.
The jelly dies!
You catch the helpless hell hound completely off-guard!
You hit the hell hound but do no damage.
There is a stone staircase leading down here.
You climb downwards.
The ogre hits you with a giant club!
There is a stone staircase leading up here.
You see here a javelin.
There is an escape hatch in the ceiling here.
The ogre hits you with a giant club!!
Ouch! That really hurt!
You die...

###......##
##.........#
##...........
#............
##............
#........(....
#.............
#.............
#.@............
##.O.(..(.........
#................#
##................
#.....(..........
##...........$...
##..............
#....(.........
##.......#...


You could see an ogre.

Vanquished Creatures
  Eustachio (D:6)
  Duvessa (D:7)
  2 ice beasts
  2 sky beasts (D:6)
  A centaur (D:6)
  Blork the orc (D:6)
  A bullfrog (D:6)
  A scorpion (D:6)
  A water moccasin skeleton (D:5)
  Dowan (D:7)
  A howler monkey (D:5)
  A crimson imp (D:6)
  2 orc priests
  A jelly (D:7)
  A centaur skeleton (D:6)
  3 hounds
  2 orc wizards (D:4)
  Crazy Yiuf (D:3)
  A bullfrog skeleton (D:6)
  4 worker ants
  A killer bee zombie (D:6)
  A hound skeleton (D:7)
  Robin (D:1)
  5 adders
  4 gnolls (D:7)
  A howler monkey skeleton (D:4)
  An ooze (D:2)
  2 adder skeletons
  A worm (D:2)
  2 dart slugs
  5 leopard geckos
  11 orcs
  10 bats
  6 giant cockroaches
  21 goblins
  9 hobgoblins
  10 jackals
  6 quokkas
  A ball python (D:3)
  A ball python skeleton (D:3)
  5 frilled lizards
  A goblin zombie (D:4)
  A jackal zombie (D:6)
  8 kobolds
  A quokka zombie (D:4)
  9 rats
  A spectral orc (D:6)
154 creatures vanquished.

Vanquished Creatures (collateral kills)
  An orc (D:3)
  A ball python (D:4)
2 creatures vanquished.

Vanquished Creatures (others)
  A jelly (D:7)
1 creature vanquished.

Grand Total: 157 creatures vanquished

Notes
Turn   | Place    | Note
-------+----------+-------------------------------------------
     0 | D:1      | Minstaer the Deep Elf Venom Mage began the quest for the Orb.
     0 | D:1      | Reached XP level 1. HP: 10/10 MP: 6/6
   572 | D:1      | Reached XP level 2. HP: 15/15 MP: 2/8
  1460 | D:1      | Reached XP level 3. HP: 19/19 MP: 8/10
  1638 | D:2      | Reached skill level 4 in Spellcasting
  1996 | D:2      | Noticed Robin
  2079 | D:1      | Killed Robin
  2092 | D:1      | Learned a level 2 spell: Poisonous Vapours
  2096 | D:1      | Learned a level 3 spell: Mephitic Cloud
  2499 | D:2      | Reached XP level 4. HP: 23/24 MP: 10/12
  3002 | D:2      | Found a glowing golden altar of the Shining One.
  3112 | D:2      | Found a hide-covered altar of Uskayaw.
  3114 | D:2      | Found a shimmering altar of Xom.
  3114 | D:2      | Found an iron altar of Okawaru.
  3116 | D:2      | Found a stormy altar of Qazlal.
  3116 | D:2      | Found an opulent altar of Gozag.
  3116 | D:2      | Found a glowing golden altar of the Shining One.
  3480 | D:3      | Found an opulent altar of Gozag.
  3550 | D:3      | Reached XP level 5. HP: 28/28 MP: 8/14
  3581 | D:3      | Found a hide-covered altar of Uskayaw.
  3583 | D:3      | Found a sacrificial altar of Ru.
  3672 | D:3      | Learned a level 1 spell: Animate Skeleton
  3674 | D:3      | Became a worshipper of Ru the Awakened
  4152 | D:3      | Found a runed door.
  4211 | D:3      | Noticed Crazy Yiuf
  4222 | D:3      | Killed Crazy Yiuf
  4222 | D:3      | Reached skill level 5 in Spellcasting
  4514 | D:4      | Reached XP level 6. HP: 26/32 MP: 1/15
  4600 | D:4      | Noticed arttle's ghost (novice GrFE)
  4842 | D:4      | Found a shadowy altar of Dithmenos.
  5759 | D:4      | Got an ebony dagger
  5760 | D:4      | Identified the +0 dagger of the Original Sin {flame, Int+7} (You found it on level 4 of the Dungeon)
  6039 | D:5      | Entered Level 5 of the Dungeon
  6082 | D:5      | Found Buzxucuts's Distillery.
  6152 | D:5      | Gained mutation: You cannot train Armour skill. [Ru sacrifice]
  6152 | D:5      | Reached * piety under Ru
  6155 | D:5      | Found a staircase to the Ecumenical Temple.
  6167 | Temple   | Entered the Ecumenical Temple
  6510 | D:5      | Reached skill level 5 in Conjurations
  6570 | D:5      | Found a white marble altar of Elyvilon.
  6592 | D:5      | Found a glowing golden altar of the Shining One.
  6751 | D:5      | Found a deep blue altar of Sif Muna.
  6850 | D:5      | Reached skill level 5 in Poison Magic
  7145 | D:6      | Reached skill level 6 in Spellcasting
  7574 | D:6      | Reached XP level 7. HP: 31/36 MP: 12/18
  7723 | D:6      | Reached skill level 1 in Staves
  7751 | D:6      | Gained mutation: You are partially covered in slimy green scales. (AC +2) [mutagenic meat]
  7752 | D:6      | Gained mutation: You are frail. (-10% HP) [mutagenic meat]
  7753 | D:6      | Gained mutation: You have a somewhat thin skeletal structure. (Dex +2, Stealth) [mutagenic meat]
  7968 | D:6      | Found a sparkling altar of Nemelex Xobeh.
  8227 | D:6      | Noticed Blork the orc
  8240 | D:6      | Killed Blork the orc
  8280 | D:6      | Found a basalt altar of Yredelemnul.
  8358 | D:6      | Gained mutation: You are very frail. (-20% HP) [mutagenic meat]
  8359 | D:6      | Gained mutation: Scrolls take you a little longer to read. [mutagenic meat]
  8360 | D:6      | Lost mutation: Scrolls take you a little longer to read. [mutagenic meat]
  8361 | D:6      | Lost mutation: You are partially covered in slimy green scales. (AC +2) [potion of mutation]
  8361 | D:6      | Lost mutation: You have a somewhat thin skeletal structure. (Dex +2, Stealth) [potion of mutation]
  8361 | D:6      | Lost mutation: You are very frail. (-20% HP) [potion of mutation]
  8361 | D:6      | Gained mutation: Your natural rate of healing is unusually fast. [potion of mutation]
  8361 | D:6      | Gained mutation: You possess an exceptional clarity of mind. [potion of mutation]
  8464 | D:6      | Reached XP level 8. HP: 31/36 MP: 13/19
  8516 | D:6      | Reached skill level 5 in Dodging
  8523 | D:6      | Found an ancient bone altar of Kikubaaqudgha.
  8523 | D:6      | Noticed Eustachio
  8714 | D:6      | Killed Eustachio
  8826 | D:6      | Found a blossoming altar of Fedhas.
  8829 | D:6      | Found a burning altar of Makhleb.
  8832 | D:6      | Found a shimmering altar of Xom.
  8860 | D:6      | Reached skill level 5 in Staves
  8885 | D:6      | Learned a level 5 spell: Venom Bolt
  9099 | D:7      | Gained mutation: You are hated by all. [Ru sacrifice]
  9099 | D:7      | Reached ** piety under Ru
  9099 | D:7      | Reached *** piety under Ru
  9219 | D:7      | Noticed Dowan
  9245 | D:7      | Noticed Duvessa
  9254 | D:7      | Killed Dowan
  9262 | D:7      | Killed Duvessa
  9733 | D:8      | Found a staircase to the Lair.
  9760 | D:8      | Reached skill level 7 in Spellcasting
  9969 | D:7      | Learned a level 3 spell: Confuse
 10034 | D:8      | Slain by an ogre

Skill      XL: |  1  2  3  4  5  6  7  8 |
---------------+-------------------------+-----
Conjurations   | 2 3 4 5 6 |  6.3
Spellcasting   | 4 5 6 7 |  7.1
Poison Magic   | 4 5 6 |  6.0
Staves         | 4 5 |  5.0
Dodging        | 4 5 |  5.8
Short Blades   | |  0.8
Stealth        | |  2.4
Hexes          | |  0.3

Action                   |  1- 3 |  4- 6 |  7- 9 || total
-------------------------+-------+-------+-------++-------
Melee: Dagger            |    45 |   111 |    13 ||   169
       Short sword       |    41 |    44 |       ||    85
       Quarterstaff      |       |    27 |    57 ||    84
Throw: Javelin           |       |       |    14 ||    14
 Cast: Sting             |    72 |   166 |    24 ||   262
       Mephitic Cloud    |       |     4 |     3 ||     7
       Poisonous Vapours |       |     3 |    52 ||    55
       Animate Skeleton  |       |     3 |       ||     3
       Confuse           |       |       |     2 ||     2
Invok: Sacrifice Durabil |       |     1 |       ||     1
       Sacrifice Love    |       |       |     1 ||     1
  Use: Potion            |       |     2 |     1 ||     3
       Scroll            |       |     7 |     5 ||    12
 Stab: Sleeping          |       |     1 |     1 ||     2
       Paralysed         |       |     2 |       ||     2
       Distracted        |       |     1 |       ||     1
       Confused          |       |       |     1 ||     1
  Eat: Chunk             |     5 |    10 |    14 ||    29
       Royal jelly       |       |     2 |       ||     2
       Fruit             |       |     1 |     2 ||     3
Armor: Robe              |    46 |   100 |    30 ||   176
Dodge: Dodged            |   148 |   171 |    75 ||   394
